 Dungeon Crawl Stone Soup version 0.30-a0-779-g7971cf19c3 (webtiles) character file.

Game seed: 4127653054524040676

149369 KleinerIrrer the Brawler (level 16, 0/169 HPs)
             Began as a Green Draconian Chaos Knight on Feb 17, 2023.
             Was a Plaything of Xom.
             Slain by a merfolk
             ... wielding a +0 trident
              (12 damage)
             ... on level 4 of the Shoals.
             The game lasted 01:31:19 (22428 turns).

KleinerIrrer the Brawler (DrCK)                    Turns: 22428, Time: 01:31:19

Health: 0/169      AC: 19    Str: 20    XL:     16   Next: 96%
Magic:  29/29      EV: 16    Int: 15    God:    Xom [....*.]
Gold:   811        SH: 16    Dex: 14    Spells: 25/33 levels left

rFire   + . .      SeeInvis .      - Unarmed
rCold   . . .      Faith    .    H - +4 kite shield of the Yeti {rF+ Dex+3}
rNeg    . . .      Spirit   .    (body armour unavailable)
rPois   +          Reflect  .    h - +2 hat
rElec   .          Harm     .    n - +0 cloak
rCorr   .          Rampage  .    U - +3 pair of gauntlets of War {Slay+5}
Will    +....                    k - +2 pair of boots
Stlth   +                        T - amulet of the acrobat
HPRegen 0.48/turn                L - ring of wizardry
MPRegen 0.21/turn                j - ring of flight

@: mighty, engulfed (cannot breathe), flying, mesmerised, hasted, studying Ice
Magic, unable to read, very quick
A: breathe noxious fumes, AC +9, unfitting armour, stinger 1, poison resistance,
cold-blooded, horns 1, deterioration 1, mutation resistance 1, sense
surroundings 1, robust 2, wild magic 1, inability to read after injury 2,
MP-powered wands
a: Breathe Noxious Fumes, Renounce Religion


You were on level 4 of the Shoals.
You worshipped Xom.
You were a beloved toy of Xom.
You visited 4 branches of the dungeon, and saw 25 of its levels.
You also visited: Ice Cave.

You collected 2309 gold pieces.
You spent 1498 gold pieces at shops.

Inventory:

Hand Weapons
 A - the +6 rapier "Pososm" {pain, rCorr Str+7}
   (You found it on level 12 of the Dungeon)

   Str:       It affects your strength (+7).
   rCorr:     It protects you from acid and corrosion.
Missiles
 c - 15 javelins
 r - 7 atropa-tipped darts
 s - 14 poisoned darts
 W - 3 datura-tipped darts
Armour
 h - a +2 hat (worn)
 k - a +2 pair of boots (worn)
 m - a +2 tower shield of cold resistance
 n - a +0 cloak (worn)
 H - the +4 kite shield of the Yeti (worn) {rF+ Dex+3}
   (You found it on level 1 of the Lair of Beasts)

   Dex:       It affects your dexterity (+3).
   rF:        It protects you from fire.
 U - the +3 pair of gauntlets of War (worn) {Slay+5}
   (You bought it in a shop on level 2 of the Orcish Mines)

   Slay:      It affects your accuracy & damage with ranged weapons and melee
   (+5).
Jewellery
 b - a ring of fire
 j - a ring of flight (right hand)
 z - a ring of ice
 B - a ring of ice
 I - a ring of ice
 J - a +6 ring of dexterity
 L - a ring of wizardry (left hand)
 N - a +4 ring of protection
 P - the ring "Vovvuen" {rF+ rN+ Str+3 Int+4 Slay+3}
   (You found it in an ice cave)

   [ring of positive energy]

   Str:       It affects your strength (+3).
   Int:       It affects your intelligence (+4).
   Slay:      It affects your accuracy & damage with ranged weapons and melee
   (+3).
   rF:        It protects you from fire.
   rN:        It protects you from negative energy.
 Q - a +6 ring of dexterity
 T - an amulet of the acrobat (around neck)
 V - a ring of see invisible
Wands
 f - a wand of flame (52)
 v - a wand of paralysis (12)
 x - a wand of roots (20)
 E - a wand of polymorph (5)
 O - a wand of mindburst (4)
Scrolls
 g - 3 scrolls of fear
 l - 2 scrolls of blinking
 o - 4 scrolls of immolation
 p - 2 scrolls of amnesia
 t - 3 scrolls of enchant weapon
 u - 3 scrolls of poison
 y - 7 scrolls of teleportation
 D - 2 scrolls of vulnerability
 G - 7 scrolls of identify
 R - a scroll of magic mapping
 S - 2 scrolls of fog
 X - a scroll of butterflies
Potions
 d - 4 potions of brilliance
 e - 6 potions of flight
 q - 2 potions of attraction
 w - 3 potions of haste
 C - 9 potions of curing
 F - 3 potions of mutation
 M - 4 potions of cancellation
 Y - 4 potions of resistance
 Z - a potion of lignification
Miscellaneous
 a - a piece from Xom's chessboard (15/15)


   Skills:
 - Level 12.8 Fighting
 - Level 10.7 Dodging
 + Level 13.2 Shields
 - Level 20.9 Unarmed Combat
 + Level 9.1 Spellcasting
 + Level 9.9 Transmutations
 + Level 9.9 Earth Magic


You had 25 spell levels left.
You knew the following spells:

 Your Spells              Type           Power      Damage    Failure   Level
a - Statue Form           Tmut/Erth      31%        N/A       26%         6
b - Wereblood             Tmut           47%        N/A       1%          2

Your spell library contained the following spells:

 Spells                   Type           Power      Damage    Failure   Level
 Sting                    Tmut/Pois      100%       1d8       1%          1
 Petrify                  Tmut/Erth      47%        N/A       2%          4
 Ignite Poison            Fire/Tmut/Pois 21%        N/A       9%          3
 Ice Form                 Ice/Tmut       28%        N/A       14%         4
 Cigotuvi's Dreadful Rot  Necr/Pois/Air  16%        N/A       16%         2
 Poisonous Vapours        Pois/Air       16%        N/A       16%         2
 Sublimation of Blood     Necr           8%         N/A       16%         2
 Dazzling Flash           Conj/Hex       16%        N/A       30%         3
 Frozen Ramparts          Ice            16%        1d3       30%         3
 Hailstorm                Conj/Ice       8%         3d4       30%         3
 Mephitic Cloud           Conj/Pois/Air  8%         N/A       30%         3
 Iskenderun's Mystic Bla  Conj/Tloc      8%         2d4       65%         4
 Olgreb's Toxic Radiance  Pois           8%         N/A       65%         4
 Sticky Flame             Conj/Fire      8%         2d3       65%         4
 Summon Ice Beast         Ice/Summ       8%         N/A       65%         4
 Metabolic Englaciation   Hex/Ice        4%         N/A       92%         5
 Conjure Ball Lightning   Conj/Air       4%         3x3d6     100%        6
 Simulacrum               Ice/Necr       4%         N/A       100%        6
 Starburst                Conj/Fire      4%         6d3       100%        6
 Summon Hydra             Summ           4%         N/A       100%        7
 Discord                  Hex            4%         N/A       100%        8
 Disjunction              Tloc           4%         N/A       100%        8
 Ignition                 Fire           4%         3d4       100%        8


Dungeon Overview and Level Annotations

Branches:
Dungeon (15/15)            Temple (0/1) D:5            Lair (5/5) D:10
 Shoals (4/4) Lair:2       Spider (0/4) Lair:2        Slime (0/5) Lair:4
    Orc (2/2) D:11            Elf (0/3) Orc:2        Vaults (0/5) D:13
 Depths (0/4) D:15          IceCv (visited)

Altars:
Dithmenos
Makhleb
Okawaru
Qazlal
Sif Muna
Trog
Uskayaw
Wu Jian
Xom
Yredelemnul
The Shining One

Shops:
D:14 :=   Orc:2 =[!*   Shoals:1 *

Portals:
Pandemonium: Orc:2

Annotations:
D:2 1 runed translucent door, Crazy Yiuf
D:6 2 transporters, lurtze1's ghost, novice OpFi
D:12 exclusion: orange crystal statue
Orc:2 3 runed translucent doors, Frosty's ghost, journeyman SpCj; LetschGu's ghost, journeyman TrTm; Majang's ghost, journeyman DjIE


Innate Abilities, Weirdness & Mutations

You can breathe blasts of noxious fumes.
Your lurid green scales are hard. (AC +9)
You cannot fit into any form of body armour.
Your tail ends in a venomous barb.
Your system is resistant to poisons. (rPois)
You are cold-blooded and may be slowed by cold attacks.
You have a pair of small horns on your head.
Your body sometimes deteriorates upon taking damage.
You are somewhat resistant to further mutation.
You passively map a small area around you.
You are very robust. (+20% HP)
Your spells are a little harder to cast, but a little more powerful.
You sometimes lose the ability to read scrolls when taking damage.
You expend magic power (3 MP) to strengthen your wands.


Message History

The merfolk siren chants its luring song.
The merfolk hits you but does no damage.
The merfolk closely misses you.
The water elemental completely misses you.
The dream sheep splashes around in the water.
The water elemental misses you.
The water elemental completely misses you.
Okay, then.
You squash the merfolk like an ant!!!
You kill the merfolk!
The merfolk hits you but does no damage.
The merfolk closely misses you. You block the water elemental's attack.
The merfolk avatar chants its luring song.
You block the merfolk's attack.
The merfolk hits you but does no damage.
The merfolk siren chants its luring song.
The merfolk javelineer hits you from afar with a +4 heavy spear!
* * * LOW HITPOINT WARNING * * *
The dream sheep splashes around in the water.
The merfolk completely misses you.
The merfolk avatar chants its luring song.
The water elemental closely misses you. x2
You beat the merfolk into a bloody pulp!!!
The merfolk is severely wounded.
You revert to your normal fleshy form.
The +3 pair of gauntlets of War {Slay+5} unmelds from your body.
Your +2 pair of boots unmelds from your body.
* * * LOW HITPOINT WARNING * * *
Your lungs strain for air!
You block the merfolk's attack. The sea snake bites you.
* * * LOW HITPOINT WARNING * * *
The water elemental hits you!
* * * LOW HITPOINT WARNING * * *
Your crimson imp hits the water elemental.
Your crimson imp barely misses the merfolk.
Your crimson imp hits the water elemental.
The water elemental closely misses you.
The merfolk hits you from afar with a +0 trident!
You die...
Xom cackles wildly!

, #.~~~~~~≈≈≈≈≈≈≈≈ , ,
####...~~~~~~≈≈≈≈≈≈
#...###.~†~~~~≈≈≈≈≈ ~ ~ ,
*#...# ##.~<~~~≈≈≈≈≈ *
#.~~.#* #.~~.~~≈≈≈≈≈ ~ ,
#..~.. ##.m~~~≈≈≈≈≈ ~ *
#...~~~.##mmmmm~≈≈≈≈≈
.....~~~..5mSYw§≈≈≈≈≈≈
.....~~~~~~Em@EE≈≈≈≈≈≈≈
......~~~~~5EEEm≈≈≈≈≈≈≈~~
~~~~~~55E5mm≈≈≈≈≈≈
~#####~~~~~≈≈#### ~ ~ ~ ~
~ *~~ ##~~~~~## #~~~~~# *
, , #~~~~~' ~~ , ,
,#~~~~~#~ * ~ , #~~~~~##~
~


You could see 2 merfolk avatars, a merfolk javelineer, a sea snake, a merfolk
aquamancer, 6 merfolk, 7 water elementals, a merfolk siren (mesmerising), a
swamp worm, a dream sheep, 2 friendly iron imps and 3 friendly crimson imps.

Vanquished Creatures
  Jorgrun (D:12)
  Donald (Shoals:3)
  Kirke (D:15)
  Agnes (D:14)
  Louise (Shoals:2)
  Azrael (D:13)
  Nessos (Lair:3)
  A spark wasp (D:13)
  A fire dragon (Lair:5)
  3 merfolk impalers
  A merfolk javelineer (Shoals:4)
  Fannar (Lair:1)
  Harold (Orc:1)
  6 hydras
  2 boulder beetles
  3 vault guards (D:13)
  Erolcha (D:13)
  A catoblepas (Lair:5)
  An alligator snapping turtle (Shoals:2)
  A merfolk avatar (Shoals:2)
  6 centaur warriors
  3 merfolk aquamancers (Shoals:4)
  A demonspawn (Orc:2)
  5 death yaks
  2 satyrs
  4 two-headed ogres
  2 tengu warriors
  4 orc high priests (Orc:2)
  Urug (D:12)
  A soul eater (Orc:2)
  6 skeletal warriors
  A fire crab (Lair:5)
  A flayed ghost (D:15)
  7 sea snakes
  4 skysharks
  5 deep elf pyromancers
  A golden dragon zombie (D:15)
  2 necromancers
  18 harpies
  4 orc knights
  7 orc sorcerers
  2 stone giant zombies (D:15)
  10 fauns
  A manticore (shapeshifter) (D:15)
  A moth of wrath (Orc:2)
  9 cyclopes
  A frost giant zombie (D:15)
  9 manticores
  10 elephants
  10 ugly things
  2 rust devils (Orc:2)
  An ice statue (IceCv)
  5 merfolk sirens
  4 water nymphs
  13 cane toads
  2 molten gargoyles (Lair:5)
  Maurice (D:10)
  3 torpor snails
  10 black mambas
  2 gargoyles (D:13)
  2 rime drakes
  2 anaconda simulacra (IceCv)
  A komodo dragon (shapeshifter) (D:14)
  An efreet (D:14)
  4 freezing wraiths
  13 komodo dragons
  12 ice devils (IceCv)
  5 trolls
  2 polar bears
  15 merfolk
  A tarantella (D:9)
  7 dream sheep
  3 snapping turtles
  3 wind drakes
  6 blink frogs
  A centaur simulacrum (D:14)
  19 slime creatures
  4 wraiths (D:11)
  2 water elementals
  A dire elephant simulacrum (IceCv)
  55 yaks
  A ynoxinul (Orc:2)
  3 wyverns
  4 fire elementals (D:13)
  2 hogs (D:14)
  A vampire (D:11)
  2 steam dragons
  5 basilisks
  3 vampire mosquitoes (D:13)
  3 death yak simulacra (IceCv)
  A warg (Orc:1)
  7 hell hounds
  3 harpy simulacra (IceCv)
  12 water moccasins
  3 acid dragons
  A hydra simulacrum (IceCv)
  Duvessa (D:5)
  A swamp drake (D:11)
  30 orc warriors
  2 ice beasts
  6 ogres
  16 wolves
  8 centaurs
  A phantom (D:6)
  9 bullfrogs
  3 necrophages
  A kobold brigand (D:10)
  3 scorpions
  4 cane toad simulacra (IceCv)
  12 wights
  Dowan (D:5)
  5 elephant simulacra (IceCv)
  A howler monkey (D:9)
  3 electric eels (D:10)
  5 lava snakes
  3 jellies
  25 orc priests
  5 hounds
  2 iguanas
  Natasha (thrice) (D:2)
  22 orc wizards
  6 polar bear simulacra (IceCv)
  A spriggan simulacrum (IceCv)
  3 troll simulacra (IceCv)
  2 wolf simulacra (IceCv)
  3 gnolls
  4 adders
  3 ufetubi
  A worm (D:1)
  86 orcs
  14 ball pythons
  6 endoplasms
  3 giant cockroaches
  6 goblins
  6 hobgoblins
  6 jackals
  9 quokkas
  5 bats
  2 frilled lizards
  11 kobolds
  9 rats
779 creatures vanquished.

Vanquished Creatures (collateral kills)
  Josephine (D:11)
  A boulder beetle (Lair:4)
  A cyclops (Orc:1)
  A faun (Shoals:2)
  A komodo dragon (Lair:4)
  A wraith (D:11)
  A basilisk (D:12)
  A necrophage (D:4)
  A wight (D:6)
  An orc priest (D:9)
  An orc wizard (Orc:1)
11 creatures vanquished.

Vanquished Creatures (others)
  2 dancing weapons
  3 fauns (Shoals:2)
  An orc wizard (D:6)
  13 fungi
  31 plants
  3 withered plants (D:15)
53 creatures vanquished.

Grand Total: 843 creatures vanquished

Notes
Turn   | Place    | Note
-------+----------+-------------------------------------------
     0 | D:1      | KleinerIrrer the Draconian Chaos Knight began the quest for
                  | the Orb.
     0 | D:1      | Reached XP level 1. HP: 19/19 MP: 1/1
   150 | D:1      | Reached XP level 2. HP: 26/26 MP: 2/2
   756 | D:1      | Reached XP level 3. HP: 33/33 MP: 3/3
   757 | D:2      | Noticed Natasha
   866 | D:2      | Killed Natasha
   867 | D:2      | Reached XP level 4. HP: 33/40 MP: 4/4
   968 | D:2      | XOM: silly message
   988 | D:2      | Noticed Natasha
   993 | D:2      | Killed Natasha
   994 | D:2      | Reached skill level 4 in Unarmed Combat
  1323 | D:2      | Found a runed translucent door.
  1324 | D:2      | Noticed Crazy Yiuf
  1485 | D:2      | Noticed Natasha
  1500 | D:2      | Killed Natasha
  1653 | D:3      | XOM: stealth player
  1679 | D:3      | XOM: silly message
  1694 | D:3      | Reached XP level 5. HP: 46/46 MP: 5/5
  1810 | D:3      | XOM: divination: detect items
  1914 | D:3      | Found a stormy altar of Qazlal.
  1935 | D:3      | XOM: butterfly on damage
  1949 | D:3      | XOM: butterfly on damage
  2271 | D:3      | Noticed a fire elemental
  2271 | D:3      | Noticed a water elemental
  2271 | D:3      | Noticed an air elemental
  2313 | D:3      | Reached skill level 5 in Unarmed Combat
  2321 | D:3      | Gained mutation: Your large and strong wings let you fly.
                  | [potion of mutation]
  2321 | D:3      | Gained mutation: You are occasionally teleported next to
                  | monsters. [potion of mutation]
  2321 | D:3      | Gained mutation: Your flesh is cold resistant. (rC+)
                  | [potion of mutation]
  2323 | D:3      | Lost mutation: Your flesh is cold resistant. (rC+) [potion
                  | of mutation]
  2323 | D:3      | Lost mutation: Your large and strong wings let you fly.
                  | [potion of mutation]
  2323 | D:3      | Gained mutation: You are agile. (Dex +4, Str/Int -1)
                  | [potion of mutation]
  2323 | D:3      | Gained mutation: You are strong-willed. (Will+) [potion of
                  | mutation]
  2481 | D:3      | XOM: chaos cloud
  2484 | D:3      | XOM: butterfly on damage
  2557 | D:3      | XOM: torment (16/46 hp)
  2584 | D:3      | XOM: draining
  2670 | D:3      | XOM: torment (21/39 hp)
  2824 | D:4      | Found a burning altar of Makhleb.
  2831 | D:4      | Reached XP level 6. HP: 47/49 MP: 6/6
  2949 | D:4      | XOM: swap monsters
  2958 | D:4      | Reached skill level 6 in Unarmed Combat
  3087 | D:4      | XOM: summons 1 hostile demon
  3106 | D:4      | XOM: butterfly on damage
  3240 | D:4      | Found a glowing golden altar of the Shining One.
  3252 | D:4      | XOM: summons 2 friendly demons
  3571 | D:4      | Reached skill level 7 in Unarmed Combat
  3802 | D:4      | Found a basalt altar of Yredelemnul.
  3804 | D:4      | Noticed a profane servitor
  3833 | D:5      | Entered Level 5 of the Dungeon
  3959 | D:4      | Your scales start taking on a lurid green colour.
  3959 | D:4      | Reached XP level 7. HP: 49/59 MP: 7/7
  3959 | D:4      | Gained mutation: Your system is resistant to poisons.
                  | (rPois) [Green Draconian growth]
  4018 | D:5      | XOM: confuse monster(s)
  4025 | D:5      | XOM: enchant monster (bad)
  4071 | D:5      | Found a staircase to the Ecumenical Temple.
  4121 | D:5      | Noticed Duvessa
  4121 | D:5      | Noticed Dowan
  4134 | D:5      | XOM: enchant monster (bad)
  4135 | D:5      | Killed Duvessa
  4136 | D:5      | Reached skill level 8 in Unarmed Combat
  4224 | D:5      | XOM: enchant monster (bad)
  4228 | D:5      | Reached skill level 9 in Unarmed Combat
  4240 | D:5      | Found a shadowy altar of Dithmenos.
  4296 | D:5      | XOM: confuse monster(s)
  4298 | D:5      | Reached XP level 8. HP: 66/66 MP: 8/8
  4306 | D:5      | Found an iron altar of Okawaru.
  4374 | D:5      | Killed Dowan
  4464 | D:5      | XOM: summons 1 hostile demon
  4858 | D:6      | Reached skill level 10 in Unarmed Combat
  4963 | D:6      | XOM: summons 5 hostile demons
  4977 | D:6      | XOM: give mutations
  4977 | D:6      | Gained mutation: You have large cloven feet. [Xom's
                  | mischief]
  4977 | D:6      | Lost mutation: You are agile. (Dex +4, Str/Int -1) [Xom's
                  | mischief]
  4977 | D:6      | Gained mutation: You occasionally lose the ability to drink
                  | potions when taking damage. [Xom's mischief]
  4977 | D:6      | Gained mutation: Your body sometimes deteriorates upon
                  | taking damage. [Xom's mischief]
  5097 | D:6      | Found a hide-covered altar of Uskayaw.
  5228 | D:6      | XOM: silly message
  5239 | D:6      | XOM: silly message
  5245 | D:6      | Found a transporter.
  5260 | D:6      | Noticed lurtze1's ghost (novice OpFi)
  5326 | D:6      | Found a transporter.
  5441 | D:6      | XOM: noise
  5450 | D:6      | Reached skill level 11 in Unarmed Combat
  5734 | D:6      | XOM: enchant monster (good)
  5745 | D:6      | Reached XP level 9. HP: 58/71 MP: 9/9
  6021 | D:6      | Identified 2 scrolls of acquirement
  6021 | D:6      | Acquired a manual of Unarmed Combat
  6026 | D:6      | Acquired a manual of Unarmed Combat
  6184 | D:6      | XOM: give mutation
  6184 | D:6      | Gained mutation: You expend magic power (3 MP) to
                  | strengthen your wands. [Xom's grace]
  6221 | D:7      | XOM: 1-stop teleportation journey
  6228 | D:7      | XOM: chaos cloud
  6239 | D:7      | Reached skill level 12 in Unarmed Combat
  6280 | D:7      | You are sucked into a shaft and drop 2 floors!
  6280 | D:9      | XOM: stealth player
  6322 | D:9      | XOM: fake destruction
  6330 | D:9      | XOM: polymorph yak -> tarantella
  6340 | D:9      | Reached skill level 13 in Unarmed Combat
  6341 | D:9      | XOM: divination: magic mapping
  6401 | D:9      | Found a shimmering blue altar of Sif Muna.
  6401 | D:9      | Found an ornate altar of the Wu Jian Council.
  6401 | D:9      | XOM: 3-stop teleportation journey
  6432 | D:9      | XOM: summons 8 friendly demons
  6437 | D:9      | Reached skill level 14 in Unarmed Combat
  6448 | D:9      | Reached skill level 15 in Unarmed Combat
  6574 | D:9      | Reached skill level 16 in Unarmed Combat
  6574 | D:9      | Reached XP level 10. HP: 71/79 MP: 10/10
  6738 | D:9      | Reached skill level 17 in Unarmed Combat
  6923 | D:9      | XOM: give mutation
  6923 | D:9      | Gained mutation: You are robust. (+10% HP) [Xom's grace]
  7021 | D:9      | Paralysed by a centaur for 5 turns
  7128 | D:9      | XOM: confuse monster(s)
  7146 | D:10     | Entered Level 10 of the Dungeon
  7178 | D:9      | XOM: god gift: 55 gold pieces
  7265 | D:10     | XOM: enchant monster (bad)
  7273 | D:10     | Reached skill level 18 in Unarmed Combat
  7542 | D:10     | Found a staircase to the Lair.
  7581 | D:10     | Reached skill level 19 in Unarmed Combat
  7698 | D:10     | Noticed Maurice
  7705 | D:10     | Killed Maurice
  7787 | D:10     | XOM: potion effect (experience)
  7787 | D:10     | Reached skill level 5 in Dodging
  7787 | D:10     | Reached skill level 20 in Unarmed Combat
  7787 | D:10     | Reached XP level 11. HP: 101/101 MP: 11/11
  7805 | D:10     | Found a bloodstained altar of Trog.
  7827 | D:10     | XOM: silly message
  7947 | D:10     | Reached XP level 12. HP: 75/110 MP: 12/12
  8090 | Lair:1   | Entered Level 1 of the Lair of Beasts
  8130 | Lair:1   | You are sucked into a shaft and drop 1 floor!
  8206 | Lair:2   | XOM: noise
  8360 | Lair:2   | HP: 1/111 [merfolk/+0 trident (16)]
  8478 | Lair:2   | Noticed a six-headed hydra
  8487 | Lair:2   | XOM: summons friendly white imp
  8510 | Lair:2   | Found a staircase to the Shoals.
  8581 | D:10     | XOM: summons 2 hostile shadow creatures
  8752 | Lair:1   | Identified the +4 kite shield of the Yeti {rF+ Dex+3}
  8780 | Lair:1   | Noticed Fannar
  8789 | Lair:1   | XOM: confuse monster(s)
  8796 | Lair:1   | Killed Fannar
  8964 | Lair:1   | XOM: scenery: summon butterflies
  9163 | Lair:1   | Reached skill level 1 in Shields
  9293 | Lair:2   | Found a hole to the Spider Nest.
  9298 | Lair:2   | XOM: give mutations
  9298 | Lair:2   | Lost mutation: You have large cloven feet. [Xom's mischief]
  9298 | Lair:2   | Lost mutation: You occasionally lose the ability to drink
                  | potions when taking damage. [Xom's mischief]
  9298 | Lair:2   | Gained mutation: You are somewhat resistant to further
                  | mutation. [Xom's mischief]
  9298 | Lair:2   | Gained mutation: You occasionally lose the ability to read
                  | scrolls when taking damage. [Xom's mischief]
  9719 | Lair:3   | XOM: confusion (+ monsters)
  9829 | Lair:3   | Noticed a seven-headed hydra
  9831 | Lair:3   | Noticed a seven-headed hydra
  9838 | Lair:3   | XOM: confusion (+ monsters)
  9838 | Lair:3   | Killed a seven-headed hydra
  9845 | Lair:3   | Killed a seven-headed hydra
  9846 | Lair:3   | Reached skill level 10 in Fighting
  9847 | Lair:3   | Noticed a death yak
  9852 | Lair:3   | Reached skill level 5 in Shields
  9857 | Lair:3   | XOM: confusion (+ monsters)
  9863 | Lair:3   | Killed a death yak
  9869 | Lair:3   | Reached XP level 13. HP: 124/124 MP: 13/13
  9897 | Lair:3   | XOM: noise
  9977 | Lair:3   | XOM: silly message
 10203 | Lair:3   | XOM: silly message
 10270 | Lair:3   | Noticed Nessos
 10278 | Lair:3   | XOM: cast spell 'Discord'
 10283 | Lair:3   | Killed Nessos
 10416 | Lair:4   | XOM: swap monsters
 10455 | Lair:4   | Identified the +7 dagger of Ykeiqien {heavy, rC+}
 10467 | Lair:4   | XOM: cast spell 'Summon Small Mammal'
 10529 | Lair:4   | XOM: enchant monster (bad)
 10600 | Lair:4   | Found a staircase to the Slime Pits.
 10602 | Lair:4   | XOM: cast spell 'Death Channel'
 10688 | Lair:4   | XOM: enchant monster (good)
 10691 | Lair:4   | XOM: divination: detect creatures
 10695 | Lair:4   | XOM: noise
 10706 | Lair:4   | XOM: potion effect (heal wounds)
 10708 | Lair:4   | XOM: enchant monster (good)
 10716 | Lair:4   | XOM: silly message
 10768 | Lair:4   | XOM: 2-stop teleportation journey
 10984 | Lair:4   | XOM: god gift: 55 gold pieces
 11055 | Lair:4   | XOM: cast spell 'Summon Dragon'
 11201 | Lair:5   | Entered Level 5 of the Lair of Beasts
 11455 | Lair:5   | XOM: scenery: create altars
 11472 | Lair:5   | XOM: enchant monster (good)
 11474 | Lair:5   | XOM: scenery: create altars
 11484 | Lair:5   | Reached skill level 10 in Dodging
 11549 | Lair:5   | XOM: scenery: summon butterflies
 11556 | Lair:5   | XOM: confuse monster(s)
 11581 | Lair:5   | XOM: give mutations
 11581 | Lair:5   | Lost mutation: You are occasionally teleported next to
                  | monsters. [Xom's mischief]
 11581 | Lair:5   | Lost mutation: You are strong-willed. (Will+) [Xom's
                  | mischief]
 11581 | Lair:5   | Gained mutation: You are weak. (Str -2) [Xom's mischief]
 11581 | Lair:5   | Lost mutation: You are somewhat resistant to further
                  | mutation. [Xom's mischief]
 11593 | Lair:5   | Learned a level 6 spell: Statue Form
 11732 | Lair:5   | Gained mutation: Your tail ends in a venomous barb. [Green
                  | Draconian growth]
 11732 | Lair:5   | Reached XP level 14. HP: 139/139 MP: 14/14
 12102 | Lair:5   | XOM: confuse monster(s)
 12122 | Lair:5   | XOM: fake destruction
 12170 | Lair:5   | XOM: summons friendly white imp
 12186 | Lair:5   | XOM: blink monster(s)
 12188 | Lair:5   | XOM: polymorph steam dragon -> centaur
 12322 | Lair:5   | Found a large runed translucent door.
 12322 | Lair:5   | Found a large runed translucent door.
 12333 | Lair:5   | XOM: cast spell 'Chain of Chaos'
 12345 | Lair:5   | Reached skill level 1 in Earth Magic
 12373 | Lair:5   | Reached skill level 1 in Spellcasting
 12373 | Lair:5   | Reached skill level 1 in Transmutations
 12738 | D:11     | XOM: smoke on damage
 12913 | D:11     | XOM: summons 2 hostile shadow creatures
 13135 | D:11     | XOM: confuse monster(s)
 13143 | D:11     | Noticed Josephine
 13149 | D:11     | XOM: confusion (+ monsters)
 13155 | D:11     | Killed Josephine
 13295 | D:11     | Found a staircase to the Orcish Mines.
 13362 | D:11     | XOM: potion effect (haste)
 13391 | D:11     | XOM: smoke on damage
 13426 | D:11     | XOM: give mutations
 13426 | D:11     | Gained mutation: You have an increased reservoir of magic.
                  | (+10% MP) [Xom's grace]
 13426 | D:11     | Gained mutation: You have large cloven feet. [Xom's grace]
 13426 | D:11     | Gained mutation: You are very robust. (+20% HP) [Xom's
                  | grace]
 13426 | D:11     | Gained mutation: Your large and strong wings let you fly.
                  | [Xom's grace]
 13473 | Orc:1    | Entered Level 1 of the Orcish Mines
 13566 | Orc:1    | XOM: scenery: create altars
 13629 | Orc:2    | Entered Level 2 of the Orcish Mines
 13724 | Orc:1    | XOM: 1-stop teleportation journey
 13753 | Orc:1    | Noticed Harold
 13757 | Orc:1    | XOM: enchant monster (good)
 13764 | Orc:1    | XOM: confusion (+ monsters)
 13768 | Orc:1    | XOM: summons 7 friendly demons
 13775 | Orc:1    | XOM: summons friendly iron imp
 13777 | Orc:1    | Killed Harold
 13867 | Orc:2    | Found a runed translucent gate.
 13867 | Orc:2    | Found a runed translucent gate.
 13868 | Orc:2    | Found a runed translucent gate.
 13869 | Orc:2    | Noticed Frosty's ghost (journeyman SpCj)
 13870 | Orc:2    | Noticed LetschGu's ghost (journeyman TrTm)
 13873 | Orc:2    | Noticed Majang's ghost (journeyman DjIE)
 13903 | Orc:2    | Found a staircase to the Elven Halls.
 14021 | Orc:2    | Found a frozen archway.
 14047 | IceCv    | Entered an ice cave
 14050 | IceCv    | XOM: fog
 14187 | IceCv    | Found an ancient bone altar of Kikubaaqudgha.
 14192 | IceCv    | XOM: divination: magic mapping
 14205 | IceCv    | XOM: cleaving
 14376 | IceCv    | XOM: enchant monster (bad)
 14379 | IceCv    | XOM: blink monster(s)
 14580 | IceCv    | XOM: 1-stop teleportation journey
 14720 | IceCv    | XOM: stat loss: -1 Str (15/16)
 14757 | IceCv    | XOM: swap monsters
 14791 | IceCv    | Reached skill level 10 in Shields
 14791 | IceCv    | XOM: enchant monster (bad)
 14796 | IceCv    | XOM: potion effect (brilliance)
 14889 | IceCv    | XOM: noise
 14982 | IceCv    | XOM: noise
 15020 | IceCv    | Identified the ring "Vovvuen" {rF+ rN+ Str+3 Int+4 Slay+3}
 15155 | IceCv    | XOM: give mutations
 15155 | IceCv    | Lost mutation: You have large cloven feet. [Xom's mischief]
 15155 | IceCv    | Lost mutation: You have an increased reservoir of magic.
                  | (+10% MP) [Xom's mischief]
 15419 | Orc:2    | XOM: enchant monster (good)
 15427 | Orc:2    | Found Jefoeh's Distillery.
 15449 | Orc:2    | XOM: noise
 15485 | Orc:2    | XOM: give mutations
 15485 | Orc:2    | Gained mutation: Your spells are a little harder to cast,
                  | but a little more powerful. [Xom's grace]
 15485 | Orc:2    | Gained mutation: You have a pair of small horns on your
                  | head. [Xom's grace]
 15510 | Orc:2    | Found Fykyxt's General Store.
 15572 | Orc:2    | Bought the +3 pair of gauntlets of War {Slay+5} for 760
                  | gold pieces
 15572 | Orc:2    | Found the +3 pair of gauntlets of War {Slay+5}
 15609 | Orc:2    | XOM: polymorph orc knight -> moth of wrath
 15629 | Orc:2    | XOM: swap monsters
 15639 | Orc:2    | Reached skill level 5 in Earth Magic
 15646 | Orc:2    | Reached skill level 5 in Transmutations
 15650 | Orc:2    | Reached XP level 15. HP: 128/157 MP: 21/21
 15742 | Orc:2    | Paralysed by an orc sorcerer for 2 turns
 15743 | Orc:2    | XOM: polymorph orc sorcerer -> dream sheep
 15749 | Orc:2    | XOM: confuse monster(s)
 15761 | Orc:2    | XOM: summons 9 friendly demons
 15783 | Orc:2    | Reached skill level 5 in Spellcasting
 15785 | Orc:2    | XOM: polymorph shadow imp -> ufetubus
 15790 | Orc:2    | Found Fuceh's Antique Armour Shop.
 15790 | Orc:2    | Found a one-way gate leading to the halls of Pandemonium.
 15790 | Orc:2    | Found Qequsos's Jewellery Boutique.
 15800 | Orc:2    | Bought a cloak for 162 gold pieces
 15807 | Orc:2    | Bought a ring of see invisible for 180 gold pieces
 15853 | Orc:2    | XOM: 1-stop teleportation journey
 16084 | D:12     | Noticed Jorgrun
 16107 | D:12     | Killed Jorgrun
 16120 | D:12     | XOM: scenery: summon butterflies
 16141 | D:12     | XOM: noise
 16264 | D:12     | Noticed Urug
 16284 | D:12     | Killed Urug
 16292 | D:12     | Identified the +6 rapier "Pososm" {pain, rCorr Str+7}
 16305 | D:12     | XOM: scenery: create altars
 16309 | D:12     | XOM: swap monsters
 16310 | D:12     | XOM: cast spell 'Summon Horrible Things'
 16463 | D:11     | XOM: give mutations
 16463 | D:11     | Gained mutation: You sometimes lose the ability to read
                  | scrolls when taking damage. [Xom's mischief]
 16463 | D:11     | Lost mutation: You are weak. (Str -2) [Xom's mischief]
 16524 | D:11     | XOM: scenery: summon butterflies
 16965 | D:13     | Noticed Erolcha
 16971 | D:13     | Paralysed by Erolcha for 2 turns
 16989 | D:13     | XOM: potion effect (berserk rage)
 16990 | D:13     | XOM: polymorph vault guard -> spark wasp
 17006 | D:13     | XOM: scenery: 1 doors open, 2 doors close
 17008 | D:13     | XOM: potion effect (brilliance)
 17009 | D:13     | Killed Erolcha
 17015 | D:13     | XOM: enchant monster (good)
 17029 | D:13     | XOM: god gift: 18 gold pieces
 17031 | D:13     | XOM: enchant monster (good)
 17098 | D:12     | XOM: divination: magic mapping
 17279 | D:13     | XOM: silly message
 17290 | D:13     | Found a gate to the Vaults.
 17290 | D:13     | XOM: 6-stop teleportation journey
 17309 | D:13     | Found a gate leading to a gauntlet.
 17414 | D:13     | XOM: cast spell 'Alistair's Intoxication'
 17469 | D:13     | XOM: god gift: dagger {god gift}
 17508 | D:13     | Noticed Azrael
 17519 | D:13     | Killed Azrael
 17894 | D:13     | Found an ornate altar of the Wu Jian Council.
 17940 | D:14     | Found Uniy's Jewellery Shop.
 17955 | D:14     | Found Daweq's Book Boutique.
 18088 | D:14     | XOM: summons 2 friendly demons
 18098 | D:14     | XOM: destruction
 18119 | D:14     | XOM: stat loss: -1 Str (22/23)
 18122 | D:14     | XOM: silly message
 18304 | D:14     | XOM: polymorph human -> shapeshifter
 18344 | D:14     | Noticed Agnes
 18350 | D:14     | Killed Agnes
 18446 | D:14     | XOM: 6-stop teleportation journey
 18486 | D:15     | Entered Level 15 of the Dungeon
 18487 | D:15     | XOM: enchant monster (bad)
 18603 | D:15     | Noticed Kirke
 18734 | D:15     | Killed Kirke
 18759 | D:15     | Found a staircase to the Depths.
 18761 | D:15     | XOM: scenery: summon butterflies
 19062 | D:15     | Reached XP level 16. HP: 169/169 MP: 26/26
 19067 | D:15     | Learned a level 2 spell: Wereblood
 19209 | D:15     | XOM: 3-stop teleportation journey
 19276 | D:15     | XOM: noise
 19414 | D:15     | XOM: summons 4 hostile shadow creatures
 19952 | Orc:2    | Bought a potion of curing for 33 gold pieces
 19952 | Orc:2    | Bought a potion of resistance for 110 gold pieces
 19952 | Orc:2    | Bought a potion of lignification for 33 gold pieces
 19952 | Orc:2    | Bought a potion of resistance for 110 gold pieces
 19952 | Orc:2    | Bought a potion of haste for 110 gold pieces
 20306 | D:12     | XOM: summons 2 hostile shadow creatures
 20341 | D:11     | XOM: give mutations
 20341 | D:11     | Gained mutation: Your skin changes colour to match your
                  | surroundings (Stealth+). [Xom's grace]
 20341 | D:11     | Gained mutation: You are somewhat resistant to further
                  | mutation. [Xom's grace]
 20341 | D:11     | Gained mutation: You passively map a small area around you.
                  | [Xom's grace]
 20422 | Shoals:1 | Entered Level 1 of the Shoals
 20501 | Shoals:1 | Found Equssut's Overcharged Wands.
 20506 | Shoals:1 | XOM: god gift: plate armour {god gift}
 20518 | Shoals:1 | XOM: confusion (+ monsters)
 20606 | Shoals:1 | XOM: 3-stop teleportation journey
 20623 | Shoals:1 | XOM: fake destruction
 20734 | Shoals:2 | XOM: enchant monster (bad)
 20761 | Shoals:2 | XOM: 7-stop teleportation journey
 20813 | Shoals:2 | XOM: summons friendly shadow imp
 20878 | Shoals:2 | XOM: silly message
 21023 | Shoals:2 | XOM: confuse monster(s)
 21036 | Shoals:2 | XOM: destruction
 21041 | Shoals:2 | XOM: enchant monster (good)
 21101 | Shoals:2 | Noticed Louise
 21103 | Shoals:2 | XOM: snakes to sticks
 21109 | Shoals:2 | XOM: blink monster(s)
 21117 | Shoals:2 | XOM: enchant monster (bad)
 21118 | Shoals:2 | XOM: silly message
 21134 | Shoals:2 | Killed Louise
 21439 | Shoals:3 | XOM: potion effect (brilliance)
 21770 | Shoals:3 | XOM: confusion (+ monsters)
 21801 | Shoals:3 | Noticed Donald
 21808 | Shoals:3 | XOM: enchant monster (good)
 21834 | Shoals:3 | Killed Donald
 21929 | Shoals:3 | XOM: confuse monster(s)
 21933 | Shoals:2 | XOM: 1-stop teleportation journey
 22022 | Shoals:2 | XOM: give mutations
 22022 | Shoals:2 | Lost mutation: Your skin changes colour to match your
                  | surroundings (Stealth+). [Xom's mischief]
 22022 | Shoals:2 | Lost mutation: Your body sometimes deteriorates upon taking
                  | damage. [Xom's mischief]
 22022 | Shoals:2 | Lost mutation: Your large and strong wings let you fly.
                  | [Xom's mischief]
 22022 | Shoals:2 | Gained mutation: Your body sometimes deteriorates upon
                  | taking damage. [Xom's mischief]
 22048 | Shoals:3 | XOM: smoke on damage
 22121 | Shoals:3 | XOM: stat loss: -1 Int (14/15)
 22223 | Shoals:3 | XOM: swap monsters
 22359 | Shoals:4 | Entered Level 4 of the Shoals
 22406 | Shoals:4 | XOM: polymorph merfolk -> anaconda
 22408 | Shoals:4 | XOM: smoke on damage
 22410 | Shoals:4 | XOM: cast spell 'Dispersal'
 22411 | Shoals:4 | XOM: polymorph anaconda -> swamp worm
 22426 | Shoals:4 | XOM: summons 5 friendly demons
 22428 | Shoals:4 | Slain by a merfolk

Illustrated notes

Levels and vault maps discovered:
D:1:      minmay_arrival_three_doors, layout_loops_ring
D:2:      layout_loops_ring, skrybe_limestone_x, uniq_natasha,
          uniq_crazy_yiuf_cottage
D:3:      layout_rooms, nicolae_qazlal_style_of_elements, st_stairs_11,
          nicolae_underground_beach
D:4:      layout_cave_pods, grunt_temple_overflow_holy_war,
          makhleb_heckhound_becter
D:5:      layout_layer_cave, nicolae_dithmenos_the_darkroom,
          okawaru_ov_weapons_minmay, minmay_temple_entry_ruins, uniq_duvessa
D:6:      kennysheep_six_static_rooms, layout_cave_pods,
          nicolae_uskayaw_suspiria, gammafunk_ghost_arena
D:7:      layout_basic, grunt_temple_overflow_growth_and_decay,
          nicolae_elyvilon_temple_path
D:9:      layout_loops_corners, mainiacjoe_overflow_catwalk_spiral,
          serial_park_tiny_1, minivault_21, nicolae_elevator_lobby_plus
D:10:     layout_basic, overflow_temple_1_default, uniq_maurice
D:11:     layout_loops_ring, erik_orc_1, uniq_josephine
D:12:     layout_rooms, minivault_25, nicolae_concentric_dashed_squares_mild,
          minmay_statue_bubble, uniq_urug, uniq_jorgrun
D:13:     layout_stronghold, lightli_vaults_fourway_checkpoint,
          gauntlet_entry_generic, chequers_serial_rivers_room_b, hex_medium,
          pdpol_wu_jian_five_deadly_venoms, uniq_erolcha, uniq_azrael
D:14:     minmay_blocky_corners, layout_basic, serial_shops,
          nicolae_stop_n_shop_1, chequers_garden, nicolae_take_the_stairs,
          uniq_agnes
D:15:     gammafunk_depths_entry_grave, layout_long_grid, minmay_crystal_water,
          amcnicky_mini_pool_medium, uniq_kirke
Lair:1:   layout_long_grid, uniq_fannar
Lair:2:   layout_gridlike, elwin_shoals_entry_stream, dummy_spider_entry,
          chequers_serial_rivers_small_b
Lair:3:   nzn_winding_woodlands_three_and_one
          [nzn_winding_woodlands_5x15_default,
          nzn_winding_woodlands_5x15_jagged,
          nzn_winding_woodlands_5x15_sidewinder,
          nzn_winding_woodlands_center_pierced_h], layout_regular_city,
          uniq_snorg, uniq_nessos
Lair:4:   layout_gridlike, slime_entry_1, grunt_megastairs_1
Lair:5:   cheibrodos_lair_end_hotspot, layout_long_grid, minmay_shattered_shrine
Shoals:1: layout_shoals, nicolae_shop_overcharged_wands
Shoals:2: cheibrodos_shoals_roost, layout_shoals, uniq_louise
Shoals:3: layout_shoals, nicolae_shoals_lost_giant_hut, uniq_donald
Shoals:4: shoals_end_simple, layout_shoals
Orc:1:    layout_caves, basic_altar, uniq_harold
Orc:2:    pf_orc_diabolical, layout_diamond_mine,
          portal_ice_cave_entry_pillars_1, gammafunk_ghost_cemetery

Skill      XL: |  1  2  3  4  5  6  7  8  9 10 11 12 13 14 15 16 |
---------------+-------------------------------------------------+-----
Fighting       | 4 7 10 12 | 12.8
Dodging        | 3 5 6 8 10 | 10.7
Unarmed Combat | 4 5 7 9 11 16 20 | 20.9
Shields        | 5 8 10 11 13 | 13.2
Earth Magic    | 5 7 9 |  9.9
Spellcasting   | 4 7 9 |  9.1
Transmutations | 5 7 9 |  9.9

Action                     |  1- 3 |  4- 6 |  7- 9 | 10-12 | 13-15 | 16-18 || total
---------------------------+-------+-------+-------+-------+-------+-------++-------
  Melee: Unarmed           |   132 |   254 |   264 |   343 |  1359 |   387 ||  2739
         Tailslap          |    14 |    31 |    40 |    60 |   255 |    74 ||   474
         Punch             |     1 |    11 |    17 |    24 |       |       ||    53
         Headbutt          |       |       |       |       |   106 |   110 ||   216
   Cast: Wereblood         |       |       |       |       |       |     7 ||     7
         Statue Form       |       |       |       |       |       |     3 ||     3
Ability: Breathe Noxious F |       |       |    10 |    15 |    46 |    16 ||    87
  Evoke: Piece from Xom's  |       |    18 |     3 |     3 |     3 |       ||    27
         Wand              |       |       |     2 |     6 |       |       ||     8
    Use: Potion            |       |     7 |     1 |     4 |    11 |     6 ||    29
         Scroll            |       |       |    10 |     9 |     7 |     4 ||    30
   Stab: Sleeping          |       |     3 |       |     1 |       |       ||     4
         Paralysed         |       |     1 |     3 |     4 |     7 |       ||    15
         Confused          |       |       |     6 |    21 |    49 |    14 ||    90
         Petrified         |       |       |       |       |     1 |       ||     1
         Invisible         |       |       |       |       |     3 |       ||     3
         Petrifying        |       |       |       |       |     1 |       ||     1
 Armour: Skin              |    56 |    77 |   108 |    71 |   306 |   172 ||   790
  Dodge: Dodged            |    89 |   156 |   193 |   132 |   541 |   288 ||  1399
  Block: Kite shield       |       |       |       |    60 |   842 |   407 ||  1309

Table legend: (Time is in decaauts)
 A = Elapsed time spent in this place.
 B = Non-inter-level travel time spent in this place.
 C = Inter-level travel time spent in this place.
 D = Time resting spent in this place.
 E = Time spent auto-exploring this place.
 F = Levels seen in this place.
 G = Mean time per level.
                   A        B        C        D        E       F      G
               +--------+--------+--------+--------+--------+-----+--------+
         Total |  21927 |  14890 |   7037 |   4356 |   4597 |  26 |  843.3 |
       Dungeon |  13181 |   9844 |   3337 |   2395 |   4485 |  14 |  941.5 |
          Lair |   4189 |   1934 |   2255 |    643 |    112 |   5 |  837.8 |
        Shoals |   1997 |   1247 |    750 |    593 |      0 |   4 |  499.2 |
  Orcish Mines |   1353 |    658 |    695 |     99 |      0 |   2 |  676.5 |
      Ice Cave |   1204 |   1204 |      0 |    626 |      0 |   1 | 1204.0 |
               +--------+--------+--------+--------+--------+-----+--------+

Top non-repeatable levels by time:
     D:6: 1515 daAuts
     D:4: 1351 daAuts
  Lair:5: 1225 daAuts
   IceCv: 1204 daAuts
    D:11: 1161 daAuts
    D:10: 1099 daAuts
     D:2: 1044 daAuts
    D:15: 1025 daAuts
    D:14: 990 daAuts
   Orc:2: 977 daAuts
     D:9: 928 daAuts
    D:12: 889 daAuts
Shoals:3: 887 daAuts
    D:13: 860 daAuts
     D:3: 850 daAuts
